 Dungeon Crawl Stone Soup version 0.30.1-5-ged363bc7ee (webtiles) character file.

Game seed: 7042179084592450366

421 Amplified the Trooper (level 6, -8/50 HPs)
             Began as a Demonspawn Hexslinger on Sept 19, 2023.
             Mangled by a hornet (11 damage)
             ... on level 7 of the Dungeon.
             The game lasted 00:05:29 (2416 turns).

Amplified the Trooper (Demonspawn Hexslinger)       Turns: 2416, Time: 00:05:29

Health: -8/50      AC:  9    Str: 10    XL:     6   Next: 62%
Magic:  16/16      EV: 10    Int: 15    God:
Gold:   144        SH:  4    Dex: 15    Spells: 6/7 levels left

rFire   . . .        h - +0 shortbow
rCold   . . .        (shield currently unavailable)
rNeg    . . .        e - +1 ring mail
rPois   .            (helmet restricted)
rElec   .            (no cloak)
rCorr   .            f - +2 pair of gloves
SInv    .            (no boots)
Will    .....        (no amulet)
Stlth   +            d - ring of magical power
HPRegen 0.28/turn    (no ring)
MPRegen 0.30/turn

%: no passive effects
@: lethally poisoned (-8 -> -11), slowed, very slow
A: antennae 1, magic regeneration, condensation shield, mutation resistance 1
a: no special abilities


You were on level 7 of the Dungeon.
You visited 2 branches of the dungeon, and saw 7 of its levels.

You collected 144 gold pieces.

Inventory:

Hand Weapons
 h - a +0 shortbow (weapon)
 j - a +0 war axe
 k - a +0 whip of venom
Missiles
 a - 4 poisoned darts
Armour
 c - a +0 robe
 e - a +1 ring mail (worn)
 f - a +2 pair of gloves (worn)
 l - a +2 buckler
Jewellery
 d - a ring of magical power (left hand)
Scrolls
 i - 2 scrolls of amnesia
Potions
 g - 5 potions of brilliance


   Skills:
 * Level 4.9 Fighting
 - Level 4.7 Ranged Weapons
 * Level 0.0 Armour
 - Level 1.7 Dodging
 - Level 1.0 Spellcasting
 - Level 3.0 Hexes


You had 6 spell levels left.
You knew the following spells:

 Your Spells              Type           Power      Damage    Failure   Level
a - Slow                  Hex            36%        N/A       19%         1

Your spell library contained the following spells:

 Spells                   Type           Power      Damage    Failure   Level
 Inner Flame              Hex/Fire       5%         N/A       71%         3
 Portal Projectile        Hex/Tloc       10%        N/A       71%         3
 Cause Fear               Hex            4%         N/A       88%         4


Dungeon Overview and Level Annotations

Branches:
Dungeon (8/15)             Temple (1/1) D:7
   Lair: D:8-11

Altars:
Ashenzari
Dithmenos
Kikubaaqudgha
Nemelex Xobeh
Qazlal
Ru
Sif Muna
Trog
Vehumet
Wu Jian
Xom
Yredelemnul

Shops:
D:2 !

Annotations:
D:7 2 runed translucent doors, 1 transporter, aeroqp's ghost, novice VSCj
D:8 3 transporters


Innate Abilities, Weirdness & Mutations

You have a pair of small antennae on your head.
You regenerate magic rapidly.
A meltable shield of frost defends you. (SH +4)
You are somewhat resistant to further mutation.


Message History

The hornet stings you.
You feel yourself slow down.
Unknown command.
Unknown command.
You shoot an arrow. The arrow barely misses the hornet.
The black bear growls angrily.
The hornet completely misses you. The hornet misses you.
You shoot an arrow. The arrow hits the hornet.
The hornet is moderately wounded.
You feel yourself speed up.
The hornet is no longer moving slowly.
The hornet stings you!
You are poisoned.
You feel yourself slow down. The hornet closely misses you.
You shoot an arrow. The arrow misses the hornet.
The bullfrog gives a loud, deep croak!
You feel very sick. The hornet stings you.
You feel as though you will be slow longer.
The hornet barely misses you. The hornet stings you!
* * * LOW HITPOINT WARNING * * *
You feel as though you will be slow longer.
Unknown command.
Okay, then.
Okay, then.
Okay, then.
Okay, then.
You are too injured to fight recklessly!
Unknown command.
Fire: h) +0 shortbow
Press: ? - help, Q - select action, (/) - cycle Shift-Dir - straight line, f/p - hornet
Aim: a hornet (moderately wounded, 50% to hit)
You shoot an arrow. The arrow barely misses the hornet.
You feel very sick. The hornet stings you.
* * * LOW HITPOINT WARNING * * *
You feel as though you will be slow longer.
The hornet stings you.
* * * LOW HITPOINT WARNING * * *
You feel as though you will be slow longer.
The hornet stings you!
You die...

#. .##.# .. y.#©. .. #.#..##.
#. ..Fh# #.##Yhh .# #..##y###
####. #..###©####.... ..
##.y@........#
.....######.......#
#.....######......###..
#.#....................
#.#.....#.#.#.#.#.....#
#....#............##..#
##.#####...##..#.......#.##..#
..........#
#............##..###
######...##
#..#...>...#..#....##


You could see a moth of wrath, a yak, a hornet, 3 black bears and a bullfrog.

Vanquished Creatures
  A water moccasin (D:8)
  A sky beast (D:7)
  A bullfrog (D:7)
  A jelly (D:7)
  3 gnolls (D:3)
  3 adders
  A worm (D:2)
  A dart slug (D:2)
  7 orcs
  6 bats
  3 endoplasms
  8 giant cockroaches
  4 hobgoblins
  8 jackals (D:2)
  A quokka (D:3)
  2 ball pythons (D:2)
  2 frilled lizards
  5 goblins
  A rat (D:2)
59 creatures vanquished.

Notes
Turn   | Place    | Note
-------+----------+-------------------------------------------
     0 | D:1      | Amplified the Demonspawn Hexslinger began the quest for the
                  | Orb.
     0 | D:1      | Reached XP level 1. HP: 15/15 MP: 2/2
   348 | D:1      | Gained mutation: You regenerate magic rapidly. [demonic
                  | ancestry]
   348 | D:1      | Reached XP level 2. HP: 21/21 MP: 3/3
   594 | D:2      | Found Umahou Xuel's Distillery.
   793 | D:2      | Discovered your monstrous ancestry.
   793 | D:2      | Gained mutation: You have a pair of small antennae on your
                  | head. [demonic ancestry]
   793 | D:2      | Reached XP level 3. HP: 21/27 MP: 4/4
  1215 | D:2      | Reached XP level 4. HP: 34/34 MP: 5/5
  1541 | D:3      | Found an ancient bone altar of Kikubaaqudgha.
  1798 | D:3      | You fall into a shaft and drop 3 floors!
  1805 | D:6      | Noticed an ice beast
  1813 | D:7      | Noticed a bullfrog
  1813 | D:7      | Found a broken altar of Ashenzari.
  1821 | D:7      | Killed a bullfrog
  1822 | D:7      | Gained mutation: A meltable shield of frost defends you.
                  | (SH +4) [demonic ancestry]
  1822 | D:7      | Reached XP level 5. HP: 26/42 MP: 6/6
  1884 | D:7      | Noticed a sky beast
  1888 | D:7      | Gained mutation: You are somewhat resistant to further
                  | mutation. [potion of mutation]
  1898 | D:7      | Killed a sky beast
  1899 | D:7      | Reached XP level 6. HP: 40/48 MP: 7/7
  2000 | D:7      | Found a large runed translucent door.
  2005 | D:7      | Noticed a hornet
  2006 | D:7      | Found a large runed translucent door.
  2011 | D:8      | Found a transporter.
  2013 | D:8      | Found a transporter.
  2015 | D:8      | Found a transporter.
  2089 | D:8      | Noticed an orc warrior
  2123 | D:8      | Noticed a water moccasin
  2136 | D:8      | Killed a water moccasin
  2209 | D:7      | Found a staircase to the Ecumenical Temple.
  2239 | Temple   | Entered the Ecumenical Temple
  2395 | D:7      | Noticed a moth of wrath
  2396 | D:7      | Found a transporter.
  2398 | D:7      | Noticed a yak
  2406 | D:7      | Noticed aeroqp's ghost (novice VSCj)
  2416 | D:7      | Mangled by a hornet

Illustrated notes

Levels and vault maps discovered:
D:1:      lemuel_arrival_funnel, layout_rooms
D:2:      layout_loops_ring, serial_shops, nicolae_shop_industrial_runoff,
          guppyfry_early_orc_mine
D:3:      layout_basic, kiku_gazebo_garden_becter, dreamdust_mushroom_princess
D:6:      layout_gridville, st_stairs_11
D:7:      layout_layer_cave, mainiacjoe_overflow_catwalk,
          cheibrodos_worm_habitat, jmf_multi_god_temple2,
          minmay_temple_entry_glass, gammafunk_ghost_berserking_beasts,
          minmay_misc_feat_x
D:8:      layout_basic, grunt_temple_overflow_open, serial_shops,
          nicolae_shop_pleasant_corner_grove, nicolae_transporter_circle
Temple:   hellmonk_temple_flake

Skill      XL: |  1  2  3  4  5 |
---------------+----------------+-----
Ranged Weapons | 2 3 4 |  4.7
Fighting       | 2 3 4 |  4.9
Dodging        | |  1.7
Spellcasting   | |  1.0
Hexes          | |  3.0

Action                     |  1- 3 |  4- 6 || total
---------------------------+-------+-------++-------
   Fire: Shortbow          |   136 |    79 ||   215
   Cast: Slow              |       |     4 ||     4
    Use: Scroll            |     3 |     9 ||    12
         Potion            |       |     6 ||     6
 Armour: Ring mail         |    45 |    22 ||    67
  Dodge: Dodged            |    68 |    31 ||    99
  Block: Other             |       |     9 ||     9
